Map: Bridgehead LE (Void)

Players

Valhanis - Winner!

  • Race: Zerg Zerg
  • League: Grandmaster

Zerohourbeta

  • Race: Terran Terran
  • League: Bronze

VOD

Have the link to the VOD?

Description

Time

  • Played on: Sept. 22, 2015, 6:14 p.m.
  • Length: 13:51
Show
View Real Time Build Order
Export as new Build Order

Valhanis Zerg - Winner!

Build Orders: 3 Hatch before Pool, Muta Ling Bane 

Get SALT Encoding   

  12  0:01  Drone  
  13  0:13  Overlord  
  14  0:21  Drone  
  14  0:33  Drone  
  15  0:35  Drone  
  15  0:37  Drone  
  17  0:57  Hatchery  
  16  1:00  Drone  
  16  1:01  Drone  
  18  1:10  Drone  
  19  1:31  Hatchery  
  18  1:40  Drone x2  
  18  1:41  Drone  
  18  1:45  Spawning Pool  
  18  1:47  Extractor  
  19  1:54  Overlord  
  19  2:04  Drone  
  20  2:09  Drone  
  21  2:31  Queen  
  21  2:33  Zergling x8  
  21  2:34  Queen  
  21  2:36  Overlord  
  29  2:42  Drone  
  29  2:56  Zergling x2  
  30  2:58  Drone  
  30  2:59  Drone x3  
  30  3:05  Drone  
  35  3:07  Spine Crawler  
  34  3:15  Drone  
  34  3:16  Drone x3  
  37  3:27  Drone x3  
  40  3:35  Extractor  
  40  3:40  Baneling Nest  
  38  3:49  Metabolic Boost  
  38  3:56  Drone x2  
  38  4:02  Extractor  
  39  4:03  Drone  
  39  4:05  Drone x3, Extractor  
  39  4:06  Drone x4  
  46  4:21  Drone x3  
  46  4:23  Overlord x3  
  49  4:40  Lair, Queen  
  51  4:47  Drone  
  51  4:48  Drone x10  
  62  4:57  Drone x2  
  64  5:07  Drone  
  64  5:11  Zergling x6  
  64  5:12  Zergling x12  
  74  5:15  Overlord  
  74  5:16  Overlord  
  72  5:24  Evolution Chamber  
  72  5:25  Evolution Chamber  
  70  5:35  Overlord  
  69  6:05  Spire  
  69  6:09  Evolution Chamber  
  69  6:10  Evolution Chamber  
  66  6:13  Drone x3  
  66  6:16  Zergling x20  
  66  6:17  Zergling x2  
  80  6:19  Queen  
  80  6:21  Extractor  
  81  6:33  Centrifical Hooks  
  81  6:36  Zerg Ground Armor Level 1  
  81  6:37  Zerg Melee Weapons Level 1  
  81  6:40  Spore Crawler  
  81  6:43  Spore Crawler  
  81  6:45  Spore Crawler  
  78  6:48  Drone  
  78  6:49  Drone x13  
  92  6:58  Zergling x2  
  93  7:18  Mutalisk x2, Extractor  
  93  7:19  Mutalisk  
  93  7:21  Overlord x2  
  93  7:22  Overlord x2  
  90  7:40  Baneling x5  
  90  7:41  Baneling x3  
  90  7:43  Mutalisk x5  
  90  7:44  Mutalisk  
  100  8:02  Mutalisk x2  
  100  8:03  Mutalisk x2  
  107  8:19  Drone x5  
  112  8:28  Overseer  
  112  8:29  Mutalisk x2, Overseer  
  112  8:32  Zergling x10  
  121  8:37  Infestation Pit  
  121  8:38  Hatchery  
  119  8:59  Zergling x2  
  119  9:00  Zergling x4  
  119  9:01  Overlord x4  
  122  9:05  Zerg Ground Armor Level 2  
  122  9:06  Zerg Melee Weapons Level 2  
  122  9:20  Extractor  
  121  9:28  Hive  
  121  9:30  Pneumatized Carapace  
  121  9:32  Drone x5  
  126  9:51  Drone x16  
  126  9:52  Drone x4  
  146  10:06  Zergling x8  
  149  10:14  Overlord, Corruptor x2  
  146  10:15  Corruptor  
  150  10:25  Queen  
  152  10:33  Extractor  
  149  10:51  Baneling x3  
  149  10:52  Baneling x29  
  149  10:53  Baneling x2  
  149  10:55  Corruptor x5  
  159  11:04  Corruptor  
  159  11:06  Mutalisk  
  159  11:07  Zergling x8  
  159  11:10  Overlord x6  
  167  11:19  Overseer  
  136  12:13  Mutalisk  
  136  12:14  Mutalisk x9  
  150  12:18  Zergling x14  
  150  12:19  Zergling x6  
  160  12:39  Zergling x12  
  160  12:40  Zergling x10  
  167  13:15  Zergling x24  
Show
View Real Time Build Order
Export as new Build Order

Zerohourbeta Terran 

Build Orders: Reaper Expand 

Get SALT Encoding   

  12  0:02  SCV  
  13  0:15  Supply Depot  
  13  0:19  SCV  
  14  0:31  SCV  
  14  0:35  Refinery  
  15  0:42  Barracks  
  15  0:46  SCV  
  16  1:00  SCV  
  17  1:12  SCV  
  18  1:32  Command Center  
  18  1:33  Reaper  
  19  1:47  Orbital Command  
  19  2:01  Barracks  
  19  2:12  Reaper  
  20  2:17  SCV  
  21  2:25  Supply Depot  
  21  2:29  SCV  
  22  2:31  Factory  
  22  2:32  Refinery  
  22  2:41  SCV  
  23  2:44  Reaper  
  24  3:29  SCV  
  24  3:33  Orbital Command  
  25  3:37  Refinery  
  25  3:41  SCV, Factory Reactor  
  25  3:46  Starport  
  26  3:50  Barracks Reactor  
  26  3:53  SCV  
  27  4:00  SCV, Refinery  
  28  4:05  SCV  
  28  4:09  Supply Depot, Engineering Bay  
  29  4:12  SCV, Supply Depot  
  30  4:18  SCV  
  30  4:20  Engineering Bay  
  30  4:24  SCV, Starport  
  31  4:30  SCV  
  33  4:36  SCV  
  34  4:42  SCV  
  35  4:48  SCV  
  35  4:49  Starport Tech Lab  
  35  4:50  Widow Mine x2  
  40  4:54  SCV  
  41  5:00  SCV  
  41  5:06  SCV  
  43  5:11  Starport Tech Lab  
  43  5:12  SCV  
  44  5:18  SCV  
  44  5:19  Widow Mine x2  
  49  5:24  SCV  
  50  5:30  SCV  
  51  5:37  SCV  
  52  5:47  Widow Mine x2  
  53  6:09  Armory  
  53  6:13  Armory  
  53  6:18  Fusion Core  
  53  6:28  Command Center, SCV  
  53  6:29  SCV  
  55  6:41  SCV x2  
  57  6:50  Command Center  
  57  6:51  Supply Depot  
  57  6:53  SCV, Supply Depot  
  58  7:01  Marine x2  
  60  7:14  Supply Depot  
  66  7:15  Supply Depot, Battlecruiser  
  66  7:16  Battlecruiser  
  66  7:18  Marine  
  66  7:19  Marine  
  74  7:31  Hellbat x2  
  74  7:36  Marine x2  
  80  7:39  Factory  
  80  7:53  Hellbat x2  
  80  7:54  Marine x2  
  78  8:14  Hellbat x2  
  78  8:17  Marine x2  
  90  8:20  Battlecruiser  
  90  8:22  Orbital Command x2  
  90  8:27  Banshee  
  93  8:34  Marine  
  93  8:35  Marine  
  93  8:36  Hellbat x2  
  99  8:52  Marine  
  99  8:53  Marine  
  101  9:10  Banshee, Marine  
  101  9:11  Marine  
  101  9:16  Cloaking Field  
  106  9:18  Orbital Command  
  106  9:24  Viking  
  108  9:25  Behemoth Reactor  
  108  9:28  Marine x2  
  110  9:39  Hellbat  
  110  9:40  Hellbat  
  110  9:41  Orbital Command  
  114  9:46  Marine x2  
  110  9:53  Viking  
  110  9:54  Viking  
  114  10:01  Hellbat x2  
  114  10:03  Marine  
  114  10:04  Marine  
  117  10:21  Weapon Refit, Marine  
  117  10:22  Hellbat  
  117  10:23  Hellbat  
  121  10:43  Hellbat  
  123  10:57  SCV  
  124  11:08  Missile Turret x2  
  124  11:10  Missile Turret x2  
  124  11:11  Supply Depot x2  
  124  11:12  Supply Depot, Missile Turret  
  124  11:13  Supply Depot  
  124  11:14  Supply Depot x2, Missile Turret  
  124  11:15  Supply Depot, Missile Turret  
  124  11:17  Supply Depot  
  124  11:20  Orbital Command  
  124  11:22  Missile Turret  
  124  11:23  Missile Turret  
  124  11:26  Missile Turret  
  124  11:27  Missile Turret  
  124  11:32  SCV x2, Battlecruiser, Marine x2  
  132  11:33  SCV, Hellbat  
  137  11:44  SCV x2, Medivac  
  137  11:45  SCV  
  142  11:56  SCV x2  
  142  11:57  SCV  
  88  12:09  SCV x3  
  88  12:12  Marine x2  
  81  12:21  SCV x3  
  78  12:29  Marine  
  78  12:30  Marine  
  78  12:32  Missile Turret x2  
  78  12:34  Missile Turret x2  
  77  12:37  Missile Turret  
  77  12:39  Missile Turret  
  74  12:46  Viking  
  74  12:47  Viking, Marine  
  74  12:48  Orbital Command, Marine  
  80  13:05  Marine  
  80  13:06  Marine  
  72  13:16  Viking  
  72  13:17  Viking  
  76  13:23  Marine x2  
  76  13:25  Hellbat  
  76  13:26  Hellbat  
Tags
 
Add a new tag
Caveats
  • Supply blocks, unpowered buildings, or Contaminate may cause inaccurate times.
  • Supply counts are checked every 10 seconds.